cohdb
Replays
Latest Replays
All Replays
Popular Replays
Top Player Replays
Match Explorer
How It Works
Community
CoH3 Stats
Reddit
Sign in to upload your games and track your stats! →
Sign in with Steam
Match 36933954
Unlisted
Match 36933954
Overview
Messages
Build Orders
End
Construct Section Command Post
Selects Indian Artillery Battlegroup
Dingo Light Scout Car
Infantry Section
Infantry Section
Selects Towed ML 4.2-inch Heavy Mortar
Towed ML 4.2-inch Heavy Mortar
Infantry Section
Grenade Package
Construct Platoon Command Post
Selects War Cry
Selects Gurkha Rifles Section
6-pounder Anti-tank Gun Team
Particycles
banksss33
Milliam
Izzy
Xiaya
楚云飞
0
0
Comments
sign in to comment!
No comments posted yet!